AoeStats
← LittleChaosed

Lombardia

508846058Analyzed
3v3 RM · 6d ago on Sep 24, 2026· 50m 57s· 6 players
Game mode
Random Map
Map size
Normal (6 player)
Population
200
Speed
Normal
Resources
Standard
Victory
Conquest
Starting age
Dark Age
Ending age
Imperial Age
RankedLock teamsTeams togetherTeam positionsShared explorationLock speedFull tech treeHidden civsTurbo modeCheats
Victory
Defeat
🇮🇳 Malay · India
729
+19
🇨🇳 Dravidians · China
722
+20
🇨🇳 Franks · China
718
+20
🇺🇸 Varangians · United States
826
-21
🇹🇷 Portuguese · Türkiye
794
-19
🇩🇪 Vietnamese · Germany
784
-19
LittleChaosed
12:18 Feudal Age
11:06 Loom
12:58 Double-Bit Axe
16:31 Horse Collar
19:52 Castle Age
19:36 Wheelbarrow
20:02 Forging
19:42 Fletching
20:07 Crossbowman
21:37 Padded Archer Armor
21:37 Scale Mail Armor
22:58 Squires
23:41 Hand Cart
26:04 Bow Saw
27:42 Thumb Ring
29:11 Ballistics
29:51 Bodkin Arrow
30:12 Leather Archer Armor
30:20 Town Watch
30:52 Hand Cart
30:54 Chain Mail Armor
31:20 Elite Skirmisher
34:01 Iron Casting
38:34 Imperial Age
38:37 Arbalester
38:51 Imperial Skirmisher
41:05 Two-Man Saw
41:15 Scale Barding Armor
41:52 Ring Archer Armor
41:56 Gold Mining
43:22 Bracer
43:24 Murder Holes
45:15 Plate Mail Armor
Sifoncu
11:20 Feudal Age
18:57 Castle Age
21:08 Gold Mining
21:10 Stone Mining
33:49 Stone Shaft Mining
33:03 Double-Bit Axe
37:13 Bow Saw
36:49 Horse Collar
46:19 Imperial Age
gaaraofbenton10
0:41 Loom
13:04 Feudal Age
13:36 Horse Collar
13:49 Double-Bit Axe
15:48 Wheelbarrow
23:55 Castle Age
22:46 Scale Barding Armor
22:52 Forging
24:53 Bloodlines
24:44 Husbandry
26:36 Hand Cart
26:25 Heavy Plow
28:26 Chain Barding Armor
30:21 Iron Casting
33:41 Gold Mining
41:22 Imperial Age
40:19 Vendel Legacy
41:23 Cavalier
42:38 Conscription
odin2k
10:07 Loom
12:29 Feudal Age
14:10 Wheelbarrow
13:28 Double-Bit Axe
13:26 Horse Collar
17:22 Town Watch
18:28 Fletching
18:39 Padded Archer Armor
18:49 Scale Barding Armor
19:13 Gold Mining
19:13 Stone Mining
22:56 Castle Age
21:22 Fletching
21:33 Padded Archer Armor
22:14 Scale Barding Armor
22:08 Stone Mining
23:48 Bow Saw
23:42 Heavy Plow
24:24 Thumb Ring
27:26 Caravan
28:20 Bodkin Arrow
28:40 Leather Archer Armor
29:15 Medical Corps
29:39 Ballistics
30:15 Hand Cart
30:33 Squires
30:20 Gambesons
29:57 Pikeman
33:34 Chain Barding Armor
37:02 Murder Holes
37:19 Masonry
37:32 Scale Mail Armor
37:42 Forging
41:01 Imperial Age
41:48 Iron Casting
41:29 Chain Mail Armor
41:48 Bracer
43:48 Two-Man Saw
44:02 Chemistry
43:26 Conscription
43:02 Halberdier
43:46 Elite Elephant Archer
45:20 Ring Archer Armor
47:22 Man-at-Arms
50:40 Wootz Steel
DD
14:21 Feudal Age
15:39 Wheelbarrow
14:56 Gold Mining
15:27 Double-Bit Axe
17:00 Scale Barding Armor
17:42 Forging
20:16 Castle Age
21:11 Hand Cart
20:59 Husbandry
21:24 Bow Saw
21:59 Gold Shaft Mining
23:32 Iron Casting
25:52 Chain Barding Armor
34:31 Imperial Age
36:14 Cavalier
38:01 Blast Furnace
37:52 Plate Barding Armor
40:24 Paladin
pratikmalusare99
6:25 Loom
13:51 Feudal Age
13:20 Man-at-Arms
13:47 Arson
14:04 Horse Collar
15:38 Double-Bit Axe
20:56 Gold Mining
20:58 Stone Mining
26:01 Castle Age
26:44 Bow Saw
27:42 Wheelbarrow
26:53 Town Watch
28:56 Husbandry
29:59 Heavy Plow
29:26 Long Swordsman
30:07 Squires
29:29 Pikeman
31:08 Town Patrol
32:56 Hand Cart
37:42 Gold Shaft Mining
40:29 Imperial Age
38:40 Elite Skirmisher
39:32 Murder Holes
39:21 Treadmill Crane
39:52 Masonry
39:38 Murder Holes
40:04 Ballistics
40:00 Masonry
40:33 Stone Shaft Mining
40:59 Conscription
41:52 Chemistry
41:18 Ballistics
41:10 Masonry
41:06 Siege Engineers
42:08 Crop Rotation
43:07 Caravan
44:14 Elite Karambit Warrior
45:29 Cavalier
46:19 Scale Barding Armor
46:24 Forging
46:05 Fletching
46:16 Padded Archer Armor
Connection lost

Rejoining the realm…

Still unreachable

The connection could not be restored.

Session expired

The server has moved on; the page needs a fresh start.